Map: Ever Dream LE

Players

Reynor - Winner!

  • Race: Zerg Zerg
  • Spawn Location: 1:00

TSGSolar (Solar)

  • Race: Zerg Zerg
  • Spawn Location: 7:00

Event: StayAtHomestory Cup #1

VOD

Have the link to the VOD?

Description

Time

  • Played on: April 11, 2020, 1:19 p.m.
  • Length: 10:40

All games in this series

Show
View Real Time Build Order
Export as new Build Order

Reynor Zerg - Winner!

Build Orders: Hatch First 

Get SALT Encoding   

  12  0:00  Drone  
  13  0:12  Overlord  
  13  0:17  Drone  
  14  0:30  Drone x2  
  16  0:47  Hatchery  
  15  0:51  Drone  
  15  0:55  Drone  
  17  0:58  Drone  
  18  1:09  Extractor  
  17  1:14  Spawning Pool  
  17  1:16  Drone  
  17  1:19  Drone  
  18  1:27  Drone  
  19  1:38  Drone  
  20  1:49  Drone  
  21  2:00  Queen x2  
  21  2:01  Overlord  
  25  2:02  Zergling x2  
  26  2:10  Drone x2  
  26  2:12  Metabolic Boost  
  28  2:20  Drone  
  28  2:21  Drone  
  30  2:31  Drone  
  30  2:35  Hatchery  
  30  2:38  Drone  
  30  2:42  Drone  
  33  2:44  Drone  
  33  2:47  Baneling Nest  
  32  2:53  Overlord  
  32  2:54  Drone  
  33  3:03  Drone  
  33  3:04  Drone  
  35  3:08  Drone  
  35  3:11  Zergling x2  
  35  3:12  Zergling x4  
  39  3:13  Drone x2  
  41  3:20  Evolution Chamber  
  41  3:22  Overlord  
  41  3:24  Drone  
  41  3:29  Queen, Drone  
  41  3:31  Baneling  
  44  3:42  Drone x2  
  44  3:43  Overlord  
  44  3:46  Zerg Missile Weapons Level 1  
  46  3:49  Zergling x2  
  46  3:50  Zergling x2  
  46  3:51  Overlord  
  46  3:52  Drone x3  
  51  3:56  Drone  
  51  3:58  Drone  
  53  4:03  Drone x2  
  53  4:09  Overlord  
  54  4:11  Lair, Drone x2  
  54  4:12  Drone  
  54  4:13  Extractor  
  54  4:16  Extractor  
  55  4:20  Roach Warren  
  55  4:21  Drone x2  
  55  4:22  Drone  
  55  4:23  Drone  
  58  4:30  Drone  
  59  4:33  Overlord  
  59  4:36  Drone x2  
  60  4:41  Drone  
  60  4:42  Drone  
  60  4:43  Drone x2  
  60  4:45  Drone x2  
  66  4:51  Drone  
  66  4:52  Drone, Pneumatized Carapace  
  68  4:53  Extractor, Drone x3  
  68  4:55  Zergling x4  
  68  4:56  Drone  
  68  4:58  Drone  
  74  5:01  Extractor x2  
  74  5:06  Drone  
  73  5:08  Overlord  
  73  5:10  Drone  
  73  5:11  Glial Reconstitution  
  73  5:13  Drone x2  
  73  5:14  Drone  
  77  5:17  Drone  
  77  5:20  Overlord  
  78  5:21  Drone x2  
  78  5:22  Drone x3  
  83  5:31  Overseer  
  83  5:32  Evolution Chamber  
  83  5:33  Zergling x10  
  87  5:37  Zergling x2  
  87  5:40  Zerg Missile Weapons Level 2  
  87  5:41  Overlord  
  88  5:45  Hatchery  
  88  5:48  Zergling x4  
  89  5:50  Overlord  
  89  5:53  Drone  
  89  5:54  Spore Crawler  
  89  5:56  Spore Crawler  
  86  6:08  Roach x10  
  86  6:10  Zerg Ground Armor Level 1  
  105  6:12  Roach  
  107  6:21  Roach x2  
  107  6:23  Overlord  
  111  6:27  Roach  
  111  6:28  Roach x4  
  111  6:32  Overlord  
  121  6:37  Spore Crawler, Overlord  
  121  6:38  Drone  
  121  6:41  Roach  
  121  6:44  Roach x3  
  121  6:46  Overlord  
  129  6:51  Roach x2  
  133  6:55  Roach  
  133  6:58  Roach x5  
  133  7:00  Drone x2  
  133  7:01  Drone  
  148  7:02  Roach  
  148  7:07  Overlord  
  152  7:08  Roach x2  
  152  7:15  Roach x3  
  160  7:16  Overlord  
  160  7:24  Ravager  
  160  7:25  Overlord  
  160  7:26  Ravager x2  
  160  7:27  Roach  
  160  7:28  Roach x2  
  160  7:31  Ravager  
  160  7:36  Drone x5  
  164  7:38  Roach x2  
  164  7:40  Roach x3  
  164  7:43  Roach x2  
  174  7:44  Burrow  
  174  7:46  Roach x2  
  174  7:47  Ravager x2  
  174  7:48  Roach x2  
  174  7:49  Overlord  
  184  7:56  Overlord  
  182  8:09  Roach x8  
  182  8:10  Roach  
  182  8:12  Roach  
  186  8:16  Tunneling Claws  
  186  8:22  Ravager x3  
  186  8:23  Roach x2  
  186  8:24  Roach x4  
  199  8:31  Ravager x2  
  199  8:32  Roach x4  
  200  8:36  Roach  
  200  8:41  Infestation Pit  
  200  8:42  Unknown  
  200  8:44  Roach  
  200  9:07  Overseer  
  200  9:09  Roach x6  
  200  9:12  Hatchery  
  189  9:18  Roach x3  
  187  9:25  Roach x7  
  187  9:27  Roach x6  
  189  9:32  Roach x7  
  196  9:39  Roach  
  196  9:40  Roach  
  196  9:43  Roach x2  
  196  9:44  Roach x6  
  192  9:48  Roach  
  192  9:49  Roach x5  
  198  9:55  Roach x3  
  198  9:58  Roach x3  
  200  10:00  Roach x6  
  200  10:02  Roach x2  
  200  10:06  Roach x2  
  188  10:09  Roach x3  
  188  10:13  Ravager  
  188  10:14  Ravager  
  185  10:16  Hydralisk Den  
  185  10:17  Roach  
  185  10:18  Roach  
Show
View Real Time Build Order
Export as new Build Order

TSGSolar Zerg 

Build Orders: Hatch First 

Get SALT Encoding   

  12  0:01  Drone  
  13  0:12  Overlord  
  13  0:17  Drone  
  14  0:31  Drone x2  
  16  0:47  Hatchery  
  15  0:51  Drone  
  15  0:55  Drone  
  17  0:58  Drone  
  18  1:09  Extractor  
  17  1:13  Spawning Pool  
  17  1:16  Drone  
  17  1:19  Drone  
  18  1:29  Drone  
  19  1:39  Drone  
  20  1:51  Overlord  
  20  1:59  Queen x2  
  20  2:01  Drone x2  
  26  2:11  Drone x2, Metabolic Boost  
  28  2:21  Zergling x2  
  29  2:24  Drone  
  30  2:33  Hatchery  
  30  2:36  Drone  
  30  2:44  Drone, Baneling Nest  
  30  2:47  Drone  
  30  2:50  Zergling x2  
  32  2:53  Overlord  
  32  2:55  Drone  
  33  3:04  Drone  
  34  3:06  Queen  
  36  3:13  Zergling x4  
  36  3:14  Drone  
  36  3:15  Drone x2  
  36  3:17  Zergling x2  
  36  3:18  Drone  
  43  3:24  Overlord  
  43  3:34  Evolution Chamber, Baneling  
  43  3:35  Drone x2  
  44  3:43  Drone x4  
  44  3:47  Drone  
  44  3:48  Drone  
  50  3:51  Drone  
  51  3:57  Overlord  
  51  3:59  Zergling x2, Drone  
  53  4:03  Zerg Missile Weapons Level 1  
  53  4:08  Drone x2  
  54  4:12  Drone x2, Roach Warren  
  54  4:13  Drone x2  
  57  4:20  Zergling x4, Extractor x2  
  57  4:22  Lair  
  57  4:23  Drone  
  58  4:26  Drone, Overlord  
  59  4:33  Drone x3  
  59  4:34  Drone x3  
  59  4:37  Overlord  
  65  4:41  Overlord  
  65  4:44  Drone x3  
  68  4:47  Drone  
  68  4:49  Pneumatized Carapace  
  68  4:50  Drone  
  70  4:56  Extractor x2, Drone  
  70  4:58  Drone x4  
  73  5:00  Zergling x2  
  73  5:01  Drone  
  73  5:02  Drone  
  76  5:07  Overlord  
  76  5:08  Drone  
  78  5:14  Extractor, Drone  
  78  5:16  Drone  
  78  5:17  Drone  
  78  5:18  Drone  
  78  5:19  Drone  
  80  5:22  Drone x2  
  80  5:24  Drone  
  80  5:27  Glial Reconstitution  
  80  5:28  Overlord  
  83  5:29  Overseer x2  
  83  5:30  Spore Crawler  
  83  5:33  Drone  
  83  5:38  Evolution Chamber  
  83  5:39  Spore Crawler, Baneling x3  
  83  5:40  Hatchery  
  83  5:42  Overlord  
  80  5:44  Roach x2  
  80  5:47  Overlord  
  84  5:51  Roach x2  
  84  5:54  Overlord  
  84  5:56  Roach x2  
  92  6:02  Roach x2  
  94  6:06  Baneling  
  94  6:08  Zergling x16  
  94  6:10  Roach  
  104  6:15  Overlord  
  104  6:16  Drone  
  105  6:19  Zerg Ground Armor Level 1  
  105  6:24  Overlord  
  105  6:29  Drone x3  
  105  6:30  Roach x2  
  112  6:37  Roach x3  
  112  6:38  Zerg Missile Weapons Level 2  
  118  6:46  Roach  
  118  6:47  Roach x6  
  132  6:48  Overlord  
  132  6:50  Overlord  
  132  6:52  Queen  
  132  6:53  Drone  
  135  6:58  Roach  
  135  6:59  Overlord  
  135  7:01  Roach  
  139  7:04  Drone  
  139  7:06  Unknown  
  139  7:08  Roach  
  141  7:11  Infestation Pit  
  141  7:12  Roach x5  
  141  7:14  Overlord  
  150  7:17  Roach x3  
  150  7:20  Overlord  
  150  7:22  Overlord  
  155  7:23  Overlord  
  155  7:25  Overlord  
  155  7:27  Roach  
  155  7:29  Ravager x4  
  156  7:30  Ravager x2  
  156  7:31  Roach  
  156  7:32  Roach  
  156  7:35  Roach  
  161  7:39  Roach x3  
  161  7:40  Ravager  
  161  7:41  Ravager  
  161  7:43  Drone  
  161  7:44  Drone x2  
  169  7:46  Roach x2  
  176  7:51  Roach x4  
  176  7:52  Roach  
  176  7:58  Roach x3  
  188  8:03  Roach  
  186  8:09  Roach x3  
  180  8:13  Roach x7  
  180  8:18  Overlord  
  190  8:20  Hive  
  190  8:24  Hydralisk Den  
  190  8:25  Overlord  
  189  8:28  Overlord  
  189  8:37  Roach x3  
  191  8:43  Ravager  
  191  8:44  Roach x4  
  200  8:58  Lurker Den  
  199  9:15  Roach x2  
  199  9:20  Queen  
  192  9:26  Roach x2  
  192  9:27  Roach x2  
  192  9:28  Roach  
  197  9:31  Roach  
  197  9:33  Overseer  
  197  9:35  Roach x5  
  197  9:37  Roach x2  
  196  9:39  Roach  
  196  9:40  Roach  
  196  9:42  Overseer, Roach x2  
  196  9:44  Roach x2  
  187  9:46  Roach  
  187  9:47  Roach x3  
  187  9:48  Roach x6  
  187  9:51  Roach  
  187  9:52  Ravager  
  197  9:56  Roach  
  180  10:01  Roach x3  
  180  10:06  Roach  
  174  10:10  Roach  
  166  10:17  Ravager  
  166  10:19  Roach x2  
Tags
 
Add a new tag
Caveats
  • Supply blocks, unpowered buildings, or Contaminate may cause inaccurate times.
  • Supply counts are checked every 10 seconds.